 Dungeon Crawl Stone Soup version 0.28.0-45-g0d030f2227 (webtiles) character file.

Game seed: 14635955774163922400

67 Kangaroobicon the Skirmisher (level 3, 0/31 HPs)
             Began as a Palentonga Fighter on Apr 24, 2022.
             Succumbed to an adder's poison
             ... on level 3 of the Dungeon.
             The game lasted 00:15:37 (1627 turns).

Kangaroobicon the Skirmisher (Palentonga Fighter)   Turns: 1627, Time: 00:15:38

Health: 0/31       AC:  6    Str: 19    XL:     3   Next: 98%
Magic:  3/3        EV:  7    Int:  8    God:
Gold:   35         SH:  4    Dex: 11    Spells: 2/2 levels left

rFire   . . .      SeeInvis +   a - +0 war axe
rCold   + . .      Faith    .   c - +0 buckler
rNeg    . . .      Spirit   .   b - +0 scale mail
rPois   .          Reflect  .   (no helmet)
rElec   .          Harm     .   (no cloak)
rCorr   .          Rampage  .   (no gloves)
Will    +....                   (no barding)
Stlth   ..........              (no amulet)
HPRegen 0.10/turn               h - ring of protection from cold
MPRegen 0.08/turn               o - ring of willpower

@: lethally poisoned (0 -> -2)
A: large, rugged brown scales 3, see invisible, deformed body, roll 1, armoured
tail
a: Rolling Charge


You were on level 3 of the Dungeon.
You visited 1 branch of the dungeon, and saw 3 of its levels.

You collected 35 gold pieces.

Inventory:

Hand Weapons
 a - a +0 war axe (weapon)
Armour
 b - a +0 scale mail (worn)
 c - a +0 buckler (worn)
Magical Staves
 m - a staff of death
Jewellery
 h - a ring of protection from cold (left hand)
 o - a ring of willpower (right hand)
Wands
 k - a wand of charming (13)
Scrolls
 e - 2 scrolls of teleportation {unknown}
 f - a scroll of blinking {unknown}
 g - a scroll of identify
 j - 2 scrolls of fog {unknown}
 n - a scroll of fear {unknown}
Potions
 d - a potion of might
 i - a potion of haste
 l - a potion of magic


   Skills:
 + Level 3.4 Fighting
 + Level 2.7 Axes
 + Level 2.9 Armour
 + Level 0.3 Dodging
 + Level 0.1 Stealth
 + Level 2.7 Shields


You had 2 spell levels left.
You didn't know any spells.
Your spell library was empty.

Dungeon Overview and Level Annotations

Branches:
Dungeon (3/15)

Altars:
Sif Muna


Innate Abilities, Weirdness & Mutations

You are completely covered in rugged brown scales. (AC +3, +7% HP)
You have supernaturally acute eyesight. (SInv)
Armour fits poorly on your strangely shaped body.
You can roll at nearby foes to attack.
You have a long armoured tail.


Message History

The orc shouts!
An adder comes into view.
The orc hits you but does no damage. The orc hits you with a +0 trident!
You hit the orc.
Your tail-slap misses the orc.
The orc is severely wounded.
The orc hits you with a +0 trident. The adder bites you.
You barely miss the orc.
The orc is severely wounded.
You barely miss the orc. You hit the adder.
The adder bites you but does no damage. The orc closely misses you.
The orc barely misses you. You block the adder's attack.
You hit the orc.
The orc is almost dead.
You hit the orc. You barely miss the adder. You block the orc's attack.
The adder bites you. The orc closely misses you.
You slash the orc!
You kill the orc!
You miss the adder. You closely miss the orc. The adder bites you.
The orc hits you with a +0 club. The adder barely misses you.
You block the orc's attack. The adder closely misses you.
The adder bites you but does no damage.
A rat comes into view.
The adder bites you.
* * * LOW HITPOINT WARNING * * *
You are poisoned.
The adder poisons you!
* * * LOW HITPOINT WARNING * * *
You feel sick. The adder bites you.
* * * LOW HITPOINT WARNING * * *
The orc hits you with a +0 club.
* * * LOW HITPOINT WARNING * * *
* * * LOW HITPOINT WARNING * * *
You feel sick.
* * * LOW HITPOINT WARNING * * *
You feel sick. The adder barely misses you.
* * * LOW HITPOINT WARNING * * *
You feel sick.
* * * LOW HITPOINT WARNING * * *
You feel sick. The adder misses you.
You die...

##.....# #...)..#
#......# #...)..#
# ###......# #.
##.So.....#
#.##.S..)....#
#....oo.....>#
#..@.........#
..##.#..........#
................#
.....#..........#
..#.#.##.........#
# . .............#
......###########
.......# ######


You could see 2 adders and 3 orcs.

Vanquished Creatures
  2 adders (D:2)
  An orc (D:3)
  2 ball pythons
  5 bats
  2 endoplasms
  4 goblins
  6 hobgoblins
  7 jackals (D:1)
  6 kobolds
  A quokka (D:1)
  2 frilled lizards (D:2)
  4 rats
42 creatures vanquished.

Vanquished Creatures (others)
  A plant (D:2)
1 creature vanquished.

Grand Total: 43 creatures vanquished

Notes
Turn   | Place    | Note
-------+----------+-------------------------------------------
     0 | D:1      | Kangaroobicon the Palentonga Fighter began the quest for
                  | the Orb.
     0 | D:1      | Reached XP level 1. HP: 19/19 MP: 1/1
   240 | D:1      | Reached XP level 2. HP: 25/25 MP: 2/2
   414 | D:1      | Found a faded altar of an unknown god.
   781 | D:2      | Reached XP level 3. HP: 31/31 MP: 3/3
   988 | D:2      | Found a shimmering blue altar of Sif Muna.
  1626 | D:3      | HP: 1/31 [poisoned by an adder]
  1627 | D:3      | Succumbed to an adder's poison

Illustrated notes

Levels and vault maps discovered:
D:1:      sevenhm_arrival_forest_fort_large_4, layout_basic,
          ebering_ecumenical_altar_hall, minivault_27
D:2:      layout_basic, basic_altar, serial_bayou_ford_a
D:3:      cheibrodos_fertilizer, layout_rooms,
          mainiacjoe_overflow_small_starburst, uniq_terence

Action                   || total
-------------------------++-------
Melee: War axe           ||    88
       Tailslap          ||     6
 Abil: Rolling Charge    ||    15
  Use: Scroll            ||     3
Armor: Scale mail        ||    49
Dodge: Dodged            ||    37
Block: Buckler           ||    18
